 Dungeon Crawl Stone Soup version 0.27-a0-522-g46bbb28828 (webtiles) character file.

Game seed: 15363301951052084850

61 wakim the Insei (level 4, 0/28 HPs)
             Began as an Octopode Transmuter on Mar 4, 2021.
             Slain by a worker ant (7 damage)
             ... on level 3 of the Dungeon.
             The game lasted 00:06:50 (2090 turns).

wakim the Insei (Octopode Transmuter)               Turns: 2090, Time: 00:06:50

Health: 0/28       AC:  1    Str:  9    XL:     4   Next: 7%
Magic:  6/7        EV: 12    Int: 16    God:
Gold:   83         SH:  3    Dex: 12    Spells: 6/7 levels left

rFire    . . .     SeeInvis .   a - +2 short sword (venom)
rCold    . . .     Faith    .   m - +0 buckler
rNeg     . . .     Spirit   .   (helmet currently unavailable)
rPois    .         Reflect  .   (no amulet)
rElec    .         Harm     .   h - ring of flight
rCorr    .         Rampage  .   (no ring)
Will     .....                  (no ring)
Stlth    ++........             (no ring)
HPRegen  0.09/turn              (no ring)
MPRegen  0.10/turn              (no ring)
                                (no ring)
                                (no ring)

@: lethally poisoned (0 -> -19), appendages
A: almost no armour, amphibious, 8 rings, constrict 8, tentacle spike 3,
camouflage 1, gelatinous body 1, nimble swimmer 1
a: End Transformation, Evoke Flight


You were on level 3 of the Dungeon.
One of your tentacles had a temporary spike.
You visited 1 branch of the dungeon, and saw 3 of its levels.

You collected 83 gold pieces.

Inventory:

Hand Weapons
 a - a +2 short sword of venom (weapon)
 b - a +4 hunting sling of flaming
Missiles
 e - 6 silver boomerangs (quivered)
 o - 39 stones
Armour
 m - a +0 buckler (worn)
Jewellery
 h - a ring of flight (left tentacle)
Scrolls
 d - 3 scrolls of blinking {unknown}
 i - a scroll of identify {unknown}
 j - 2 scrolls of enchant armour {unknown}
 l - a scroll of magic mapping {unknown}
 n - a scroll of fear {unknown}
Potions
 c - a potion of degeneration {unknown}
 f - 2 potions of curing {unknown}
 g - a potion of resistance {unknown}
 k - a potion of cancellation {unknown}
 p - 2 potions of haste {unknown}


   Skills:
 - Level 1.0 Fighting
 * Level 2.2 Dodging
 + Level 0.6 Stealth
 - Level 4.6 Unarmed Combat
 - Level 2.0 Spellcasting
 - Level 2.0 Transmutations


You had 6 spell levels left.
You knew the following spells:

 Your Spells              Type           Power        Failure   Level
a - Beastly Appendage     Tmut           16%          16%         1

Your spell library contained the following spells:

 Spells                   Type           Power        Failure   Level
 Wereblood                Tmut           8%           22%         2
 Spider Form              Tmut/Pois      2%           56%         3
 Ice Form                 Ice/Tmut       4%           92%         4
 Blade Hands              Tmut           4%           99%         5


Dungeon Overview and Level Annotations

Branches:
Dungeon (3/15)

Altars:
Zin


Innate Abilities, Weirdness & Mutations

You cannot wear most types of armour.
You are amphibious.
You can wear up to eight rings at the same time.
You can use your tentacles to constrict eight enemies at once.
Your skin changes colour to match your surroundings (Stealth+).
Your rubbery body absorbs attacks. (AC +1, EV +1)
You are stealthy while swimming. (Stealth+)
One of your tentacles bears a large vicious spike.


Message History

A worker ant comes into view.
You shoot a stone. The stone hits the worker ant.
The stone burns the worker ant.
The worker ant is moderately wounded.
You shoot a stone. The stone barely misses the worker ant.
You shoot a stone. The stone hits the worker ant.
The stone burns the worker ant.
The worker ant is heavily wounded.
You shoot a stone.
The stone completely misses the worker ant.
A rat comes into view.
You shoot a stone.
The stone closely misses the worker ant.
The worker ant bites you.
You are poisoned.
The worker ant poisons you!
Your +4 hunting sling of flaming stops flaming.
Your +2 short sword of venom begins to drip with poison!
a - a +2 short sword of venom (weapon)
You feel sick. The worker ant closely misses you.
Casting: Beastly Appendage (safe; 16% risk of failure)
Confirm with . or Enter, or press ? or * to list all spells.
One of your tentacles grows a vicious spike.
You feel sick. The worker ant bites you!
You are lethally poisoned!
The worker ant poisons you!
You hit the worker ant but do no damage.
The worker ant is poisoned.
Your grab misses the worker ant.
You pierce the worker ant.
You squeeze the worker ant.
The worker ant is severely wounded.
You feel sick. The worker ant bites you.
* * * LOW HITPOINT WARNING * * *
You are more poisoned.
The worker ant poisons you!
You hit the worker ant but do no damage.
The worker ant looks even sicker.
Your grab misses the worker ant.
The worker ant is severely wounded.
* * * LOW HITPOINT WARNING * * *
You feel sick. You block the worker ant's attack. The worker ant bites you!
You die...

. .# .. . ... . ....
####### . ..... #.....#
#
......######.###.#######
(..(.rB@.........†......
(.....######.###.#######
..... #.# #.# # .... #.#
#.# # ... #.# #.# .. #.#
#.# . #.# #.#### #.#
#.#..# #.# #.#..#


You could see a worker ant (very poisoned) and a rat.

Vanquished Creatures
  An adder (D:2)
  4 dart slugs
  A leopard gecko (D:2)
  An orc (D:3)
  2 giant cockroaches
  7 goblins
  2 hobgoblins (D:2)
  2 jackals (D:2)
  2 quokkas
  A ball python (D:3)
  3 bats
  2 frilled lizards (D:2)
  6 kobolds
  9 rats
43 creatures vanquished.

Notes
Turn   | Place    | Note
-------+----------+-------------------------------------------
     0 | D:1      | wakim the Octopode Transmuter began the quest for the Orb.
     0 | D:1      | Reached XP level 1. HP: 13/13 MP: 3/3
    80 | D:1      | Reached XP level 2. HP: 15/18 MP: 3/5
   456 | D:1      | Reached skill level 4 in Unarmed Combat
   590 | D:2      | Reached XP level 3. HP: 19/23 MP: 4/6
  1254 | D:3      | Found a glowing silver altar of Zin.
  1633 | D:3      | Reached XP level 4. HP: 28/28 MP: 7/7
  2090 | D:3      | Slain by a worker ant

Illustrated notes

Levels and vault maps discovered:
D:1:      minmay_arrival_hallway, layout_rooms
D:2:      layout_basic, hangedman_decor_growths
D:3:      layout_basic, zin_scriptorium, ashenzari_altar_1, uniq_grinder

Skill      XL: |  1  2 |
---------------+-------+-----
Unarmed Combat | 4 |  4.6
Fighting       | |  1.0
Dodging        | |  2.2
Stealth        | |  0.6
Spellcasting   | |  2.0
Transmutations | |  2.0

Action                   |  1- 3 |  4- 6 || total
-------------------------+-------+-------++-------
Melee: Unarmed           |    32 |       ||    32
       Constrict         |    15 |       ||    15
       Tentacles         |     8 |     1 ||     9
       Kick              |     3 |     1 ||     4
       Short sword       |    17 |     2 ||    19
 Fire: Hunting sling     |       |    11 ||    11
Throw: Boomerang         |    53 |       ||    53
 Cast: Beastly Appendage |    13 |     1 ||    14
Armor: Skin              |     3 |       ||     3
Dodge: Dodged            |    37 |     1 ||    38
Block: Buckler           |     1 |     1 ||     2

Table legend: (Time is in decaauts)
 A = Elapsed time spent in this place.
 B = Non-inter-level travel time spent in this place.
 C = Inter-level travel time spent in this place.
 D = Time resting spent in this place.
 E = Time spent auto-exploring this place.
 F = Levels seen in this place.
 G = Mean time per level.
                   A        B        C        D        E       F      G
               +--------+--------+--------+--------+--------+-----+--------+
         Total |   2105 |   1896 |    209 |    258 |   1280 |   3 |  701.7 |
       Dungeon |   2105 |   1896 |    209 |    258 |   1280 |   3 |  701.7 |
               +--------+--------+--------+--------+--------+-----+--------+

Top non-repeatable levels by time:
     D:2: 877 daAuts
     D:3: 735 daAuts
     D:1: 493 daAuts
